 Dungeon Crawl Stone Soup version 0.31.0-32-g396128a36d (webtiles) character file.

Game seed: 1320475759166314645

105 Maxx the Ducker (level 4, -3/41 HPs)
             Began as a Gnoll Monk on Mar 29, 2024.
             Succumbed to Robin's poison
             ... on level 2 of the Dungeon.
             The game lasted 00:03:29 (1166 turns).

Maxx the Ducker (Gnoll Monk)                        Turns: 1166, Time: 00:03:30

Health: -3/41      AC:  6    Str: 11    XL:     4   Next: 81%
Magic:  5/5        EV: 11    Int: 11    God:
Gold:   60         SH:  0    Dex: 14    Spells: 5/5 levels left

rFire   . . .        a - +0 hand axe
rCold   . . .        d - orb {light}
rNeg    . . .        g - +0 scale mail
rPois   .            (no helmet)
rElec   .            (no cloak)
rCorr   .            (no gloves)
SInv    .            (no boots)
Will    .....        j - amulet of regeneration Stlth
                     (no ring)
HPRegen 1.06/turn    (no ring)
MPRegen 0.09/turn

%: no passive effects
@: lethally poisoned (-3 -> -21), glowing
A: fangs 1, strong nose, distributed training
a: no special abilities


You were on level 2 of the Dungeon.
You visited 1 branch of the dungeon, and saw 2 of its levels.

You collected 60 gold pieces.

Inventory:

Hand Weapons
 a - a +0 hand axe (weapon)
Missiles
 h - 4 boomerangs (quivered)
Armour
 b - a +0 robe
 d - an orb of light (worn)
 g - a +0 scale mail (worn)
Jewellery
 j - an amulet of regeneration (around neck)
 m - an amulet of guardian spirit
Scrolls
 f - a scroll of amnesia
Potions
 c - a potion of ambrosia
 e - 2 potions of attraction
 i - 2 potions of lignification
 k - a potion of enlightenment {unknown}
 l - a potion of mutation {unknown}


   Skills:
 + Level 6.6 Fighting
 + Level 1.3 Short Blades
 + Level 1.3 Long Blades
 + Level 6.6 Axes
 + Level 1.3 Maces & Flails
 + Level 1.3 Polearms
 + Level 1.3 Staves
 + Level 1.3 Ranged Weapons
 + Level 1.3 Throwing
 + Level 1.3 Armour
 + Level 6.6 Dodging
 + Level 1.3 Stealth
 + Level 1.3 Shields
 + Level 1.3 Unarmed Combat
 + Level 1.3 Spellcasting
 + Level 1.0 Conjurations
 + Level 1.0 Hexes
 + Level 1.0 Summonings
 + Level 1.0 Necromancy
 + Level 1.0 Translocations
 + Level 1.0 Fire Magic
 + Level 1.0 Ice Magic
 + Level 1.0 Air Magic
 + Level 1.0 Earth Magic
 + Level 1.0 Alchemy
 + Level 1.4 Invocations
 + Level 1.3 Evocations
 + Level 1.2 Shapeshifting


You had 5 spell levels left.
You didn't know any spells.
Your spell library contained the following spells:

 Spells                   Type           Power      Damage    Failure   Level
 Call Imp                 Summ           6%         N/A       88%         2
 Lesser Beckoning         Tloc           6%         N/A       88%         2
 Sublimation of Blood     Necr           3%         N/A       88%         2
 Gell's Gravitas          Tloc           3%         N/A       98%         3
 Teleport Other           Tloc           3%         N/A       98%         3
 Summon Hydra             Summ           1%         N/A       100%        7


Dungeon Overview and Level Annotations

Branches:
Dungeon (2/15)

Altars:


Innate Abilities, Weirdness & Mutations

You have very sharp teeth.
Your uncanny sense of smell can sniff out nearby items.
Your experience applies equally to all skills.


Message History

The hobgoblin closely misses you.
You slash the goblin!
You kill the goblin!
You hit the hobgoblin.
You kill the hobgoblin!
You slash Robin!
Robin is heavily wounded.
The kobold throws a stone.
The stone hits you but does no damage.
Robin hits you with a +5 short sword of venom!
You are poisoned.
You hit Robin but do no damage.
Robin is heavily wounded.
You feel very sick. Robin completely misses you.
You hit Robin but do no damage.
Robin is heavily wounded.
You hit the kobold.
You kill the kobold!
You feel sick. Robin hits you but does no damage.
You are more poisoned.
You hit Robin. You bite Robin.
Robin is severely wounded.
You feel very sick. Robin barely misses you.
You hit Robin.
Robin is almost dead.
You feel sick.
Robin hits you with a +5 short sword of venom.
You are more poisoned.
You barely miss Robin. Your bite misses Robin.
Robin is almost dead.
You feel very sick.
Robin hits you with a +5 short sword of venom!
* * * LOW HITPOINT WARNING * * *
You are more poisoned.
You hit Robin.
You kill Robin!
* * * LOW HITPOINT WARNING * * *
You feel extremely sick.
You die...

................#..#
................#..#
...........####.#..##
.###.....#.#<.......#
.###....##.#........#
.##.....##..........#
###.#....##.........#
..............)##.###
##..#....####.).@..#
...####..#####.#)....)..
###..........#......)..?
##..)........#..........
##.#......)..#..........
#..#.......)............
..##....................
.##########..#..........
## #### ....


There were no monsters in sight!

Vanquished Creatures
  Robin (D:2)
  3 adders (D:2)
  2 ribbon worms (D:2)
  4 ball pythons
  3 endoplasms
  A giant cockroach (D:2)
  7 hobgoblins
  9 jackals
  2 bats (D:1)
  3 frilled lizards
  13 goblins
  4 kobolds (D:2)
  2 rats
54 creatures vanquished.

Notes
Turn   | Place    | Note
-------+----------+-------------------------------------------
     0 | D:1      | Maxx the Gnoll Monk began the quest for the Orb.
     0 | D:1      | Reached XP level 1. HP: 23/23 MP: 1/1
   160 | D:1      | Reached XP level 2. HP: 29/29 MP: 2/2
   818 | D:2      | Reached XP level 3. HP: 29/35 MP: 3/3
   915 | D:2      | Reached skill level 1 in Invocations
   950 | D:2      | Reached skill level 1 in Short Blades
   950 | D:2      | Reached skill level 1 in Long Blades
   950 | D:2      | Reached skill level 1 in Maces & Flails
   950 | D:2      | Reached skill level 1 in Polearms
   950 | D:2      | Reached skill level 1 in Staves
   950 | D:2      | Reached skill level 1 in Ranged Weapons
   950 | D:2      | Reached skill level 1 in Throwing
   950 | D:2      | Reached skill level 1 in Armour
   950 | D:2      | Reached skill level 1 in Stealth
   950 | D:2      | Reached skill level 1 in Shields
   950 | D:2      | Reached skill level 1 in Unarmed Combat
   950 | D:2      | Reached skill level 1 in Spellcasting
   950 | D:2      | Reached skill level 1 in Evocations
  1066 | D:2      | Reached skill level 1 in Shapeshifting
  1066 | D:2      | Reached XP level 4. HP: 40/41 MP: 5/5
  1124 | D:2      | Reached skill level 1 in Conjurations
  1124 | D:2      | Reached skill level 1 in Hexes
  1124 | D:2      | Reached skill level 1 in Summonings
  1124 | D:2      | Reached skill level 1 in Necromancy
  1124 | D:2      | Reached skill level 1 in Translocations
  1124 | D:2      | Reached skill level 1 in Fire Magic
  1124 | D:2      | Reached skill level 1 in Ice Magic
  1124 | D:2      | Reached skill level 1 in Air Magic
  1124 | D:2      | Reached skill level 1 in Earth Magic
  1124 | D:2      | Reached skill level 1 in Alchemy
  1146 | D:2      | Noticed Robin
  1165 | D:2      | Killed Robin
  1165 | D:2      | HP: 2/41 [poisoned by Robin]
  1166 | D:2      | Succumbed to Robin's poison

Illustrated notes

Levels and vault maps discovered:
D:1:      dpeg_arrival_pits, layout_basic
D:2:      layout_rooms, dreamdust_princess_corridor, uniq_robin

Skill      XL: |  1  2  3  4 |
---------------+-------------+-----
Invocations    | 1 |  1.4
Short Blades   | 1 |  1.3
Long Blades    | 1 |  1.3
Maces & Flails | 1 |  1.3
Polearms       | 1 |  1.3
Staves         | 1 |  1.3
Ranged Weapons | 1 |  1.3
Throwing       | 1 |  1.3
Armour         | 1 |  1.3
Stealth        | 1 |  1.3
Shields        | 1 |  1.3
Unarmed Combat | 1 |  1.3
Spellcasting   | 1 |  1.3
Evocations     | 1 |  1.3
Shapeshifting  | 1 |  1.2
Conjurations   | 1 |  1.0
Hexes          | 1 |  1.0
Summonings     | 1 |  1.0
Necromancy     | 1 |  1.0
Translocations | 1 |  1.0
Fire Magic     | 1 |  1.0
Ice Magic      | 1 |  1.0
Air Magic      | 1 |  1.0
Earth Magic    | 1 |  1.0
Alchemy        | 1 |  1.0
Fighting       | |  6.6
Axes           | |  6.6
Dodging        | |  6.6

Action                     |  1- 3 |  4- 6 || total
---------------------------+-------+-------++-------
  Melee: Hand axe          |    78 |    30 ||   108
         Bite              |    11 |     2 ||    13
  Throw: Boomerang         |    18 |     7 ||    25
    Use: Scroll            |     4 |       ||     4
 Armour: Robe              |     6 |       ||     6
         Scale mail        |    47 |    26 ||    73
  Dodge: Dodged            |    61 |    15 ||    76
